Map: [ESL] Moondance

Players

DisK - Winner!

  • Race: Protoss Protoss
  • Spawn Location: 6:00

Nina

  • Race: Protoss Protoss
  • Spawn Location: 12:00

Event: DreamHack SC2 Masters 2022 Atlanta (Online)

VOD

Have the link to the VOD?

Description

Time

  • Played on: Oct. 5, 2022, 5:52 p.m.
  • Length: 21:55

All games in this series

Show
View Real Time Build Order
Export as new Build Order

DisK Protoss - Winner!

Build Orders: Oracle Opening 

Get SALT Encoding   

  12  0:00  Probe  
  13  0:12  Probe  
  14  0:17  Pylon  
  14  0:24  Probe (Chrono Boost)  
  15  0:35  Gateway  
  15  0:36  Probe (Chrono Boost)  
  16  0:45  Probe (Chrono Boost)  
  16  0:46  Assimilator  
  17  0:51  Probe  
  17  0:54  Assimilator  
  18  1:03  Probe (Chrono Boost)  
  19  1:08  Gateway  
  19  1:15  Probe (Chrono Boost)  
  20  1:20  Probe (Chrono Boost)  
  20  1:23  Cybernetics Core  
  21  1:29  Probe  
  22  1:34  Pylon  
  22  1:41  Probe  
  23  1:53  Probe  
  24  2:00  Stargate  
  24  2:01  Adept  
  26  2:04  Adept  
  28  2:12  Pylon  
  28  2:14  Warp Gate  
  28  2:18  Probe  
  29  2:25  Shield Battery  
  29  2:35  Stalker  
  30  2:45  Oracle (Chrono Boost)  
  33  3:02  Nexus  
  33  3:09  Shield Battery  
  33  3:15  Oracle (Chrono Boost)  
  36  3:35  Probe  
  36  3:39  Twilight Council  
  37  3:47  Probe  
  38  3:55  Gateway  
  38  3:59  Probe  
  39  4:04  Pylon  
  37  4:24  Probe x2  
  37  4:26  Stalker x2  
  40  4:36  Probe (Chrono Boost)  
  40  4:37  Blink (Chrono Boost)  
  40  4:38  Probe (Chrono Boost)  
  39  4:49  Probe (Chrono Boost)  
  39  4:51  Stalker  
  43  4:53  Stalker  
  43  4:54  Probe (Chrono Boost)  
  43  4:56  Probe (Chrono Boost)  
  46  5:00  Probe  
  46  5:03  Probe  
  48  5:12  Stalker  
  48  5:13  Probe  
  51  5:16  Probe  
  51  5:17  Stalker  
  51  5:21  Stalker  
  56  5:36  Stalker  
  56  5:39  Probe x2  
  60  5:42  Pylon  
  60  5:44  Robotics Facility  
  60  5:51  Probe, Assimilator  
  61  5:58  Probe  
  61  6:02  Shield Battery, Pylon  
  61  6:03  Probe  
  63  6:09  Stalker x3  
  63  6:11  Probe  
  70  6:18  Pylon  
  70  6:20  Probe  
  71  6:30  Probe  
  71  6:32  Nexus  
  72  6:34  Observer  
  72  6:36  Pylon  
  72  6:38  Probe  
  74  6:45  Forge  
  74  6:47  Probe  
  74  6:48  Sentry  
  74  6:50  Probe  
  78  6:56  Stalker  
  78  6:58  Stalker  
  78  6:59  Probe  
  83  7:03  Probe  
  83  7:04  Observer  
  83  7:07  Pylon  
  85  7:11  Probe  
  85  7:13  Adept  
  88  7:19  Stalker  
  88  7:26  Probe x2  
  88  7:29  Stalker  
  92  7:34  Stalker  
  91  7:38  Probe  
  91  7:48  Probe x2  
  91  7:50  Protoss Ground Weapons Level 1 (Chrono Boost), Probe  
  91  7:58  Charge, Gateway  
  88  8:00  Gateway, Probe x2  
  88  8:03  Probe, Gateway  
  91  8:08  Pylon  
  91  8:12  Probe  
  92  8:13  Robotics Bay  
  92  8:15  Assimilator  
  92  8:16  Observer, Assimilator  
  92  8:17  Probe x2  
  94  8:21  Stalker  
  94  8:23  Stalker  
  98  8:31  Probe x2  
  98  8:32  Probe  
  101  8:48  Probe x3  
  101  8:50  Photon Cannon  
  101  8:58  Robotics Facility  
  101  9:00  Stalker x4  
  101  9:01  Stalker  
  111  9:04  Observer  
  112  9:12  Nexus  
  112  9:14  Pylon  
  112  9:19  Robotics Facility  
  112  9:21  Pylon  
  110  9:24  Photon Cannon  
  110  9:26  Probe x3  
  111  9:38  Stalker x4  
  111  9:45  Shield Battery  
  119  9:47  Stalker x2  
  119  9:50  Disruptor (Chrono Boost)  
  122  9:53  Protoss Ground Weapons Level 2 (Chrono Boost)  
  125  10:02  Adept x2  
  125  10:06  Pylon  
  129  10:07  Pylon  
  129  10:09  Photon Cannon  
  128  10:15  Stalker x2  
  131  10:23  Disruptor (Chrono Boost)  
  134  10:34  Probe x2  
  132  10:38  Stalker x5  
  132  10:40  Probe x2  
  142  10:47  Disruptor (Chrono Boost)  
  143  11:01  Probe x2  
  145  11:06  Zealot x6  
  145  11:09  Disruptor  
  160  11:19  Photon Cannon, Assimilator x2  
  158  11:31  Stalker x3  
  164  11:40  Gateway  
  164  11:42  Gateway  
  164  11:44  Pylon  
  162  11:49  Disruptor  
  162  11:50  Disruptor  
  164  11:58  Stalker x3  
  164  12:01  Observer  
  164  12:14  Stalker x3  
  164  12:24  Dark Shrine  
  164  12:27  Pylon  
  162  12:35  Nexus, Observer (Chrono Boost)  
  169  12:41  Disruptor (Chrono Boost)  
  169  12:42  Disruptor (Chrono Boost)  
  165  12:50  Protoss Ground Weapons Level 3 (Chrono Boost)  
  163  13:01  Pylon  
  163  13:04  Pylon  
  163  13:06  Forge  
  163  13:10  Disruptor x2  
  169  13:13  Gateway  
  169  13:15  Photon Cannon x3  
  169  13:16  Gateway  
  169  13:19  Gravitic Boosters, Gateway  
  169  13:21  Observer  
  169  13:23  Photon Cannon  
  169  13:25  Shield Battery, Probe x4  
  173  13:27  Photon Cannon, Stalker x2  
  173  13:29  Stalker, Pylon  
  179  13:37  Stalker x2  
  179  13:40  Disruptor  
  180  13:58  Stalker x4  
  180  13:59  Stalker x2  
  192  14:09  Protoss Ground Armor Level 1 (Chrono Boost)  
  192  14:10  Probe x5  
  197  14:22  Probe x2  
  169  14:33  Dark Templar x3  
  169  14:37  Stalker  
  169  14:38  Stalker x6  
  189  14:44  Probe  
  189  14:45  Probe x4  
  192  14:49  Photon Cannon  
  192  14:53  Photon Cannon  
  192  14:55  Photon Cannon  
  192  14:56  Shield Battery  
  192  15:03  Shadow Stride (Chrono Boost)  
  189  15:19  Assimilator  
  189  15:20  Observer  
  189  15:21  Assimilator  
  189  15:23  Dark Templar x4  
  189  15:24  Dark Templar  
  199  15:29  Nexus  
  199  15:30  Observer, Pylon  
  200  15:39  Photon Cannon  
  200  15:40  Photon Cannon  
  200  15:43  Protoss Shields Level 1 (Chrono Boost)  
  200  15:44  Pylon  
  198  16:03  Disruptor (Chrono Boost)  
  180  16:05  Disruptor x2 (Chrono Boost)  
  165  16:22  Stalker x11  
  163  16:36  Disruptor (Chrono Boost)  
  166  16:49  Zealot x6  
  166  16:50  Zealot x5  
  188  17:04  Nexus  
  188  17:19  Disruptor x3  
  189  17:29  Pylon  
  189  17:31  Pylon  
  187  17:39  Stalker x5  
  187  17:40  Stalker  
  197  18:10  Disruptor x2  
  197  18:21  Stalker  
  186  18:51  Dark Templar x6  
  184  19:10  Stalker x5  
  176  19:27  Zealot  
  176  19:28  Zealot x5  
  180  19:47  Zealot x10  
  191  20:05  Disruptor x3  
  196  20:24  Assimilator  
  196  20:27  Photon Cannon, Probe x4  
  200  20:29  Photon Cannon  
  200  20:31  Photon Cannon  
  200  20:32  Photon Cannon  
  200  20:35  Shield Battery  
  200  20:37  Shield Battery  
  200  20:39  Shield Battery  
  200  20:40  Assimilator  
  200  20:41  Pylon  
  197  21:05  Disruptor  
  192  21:18  Dark Templar x5  
  173  21:37  Zealot x6  
Show
View Real Time Build Order
Export as new Build Order

Nina Protoss 

Build Orders:  

Get SALT Encoding   

  12  0:00  Probe  
  13  0:12  Probe  
  14  0:17  Pylon  
  14  0:24  Probe (Chrono Boost)  
  15  0:36  Probe (Chrono Boost)  
  15  0:37  Gateway  
  16  0:45  Probe (Chrono Boost)  
  16  0:48  Assimilator  
  17  0:51  Probe  
  17  0:55  Assimilator  
  18  1:03  Probe (Chrono Boost)  
  19  1:07  Gateway  
  19  1:13  Probe (Chrono Boost)  
  19  1:18  Probe (Chrono Boost)  
  20  1:23  Cybernetics Core  
  21  1:29  Probe  
  22  1:34  Pylon  
  22  1:41  Probe  
  23  1:53  Probe  
  24  1:59  Stalker  
  24  2:00  Stalker  
  28  2:01  Warp Gate  
  28  2:14  Pylon  
  28  2:22  Probe  
  29  2:33  Stalker x2  
  33  2:38  Shield Battery, Probe  
  33  3:03  Nexus  
  33  3:09  Probe  
  34  3:17  Pylon  
  34  3:19  Sentry x2  
  38  3:21  Probe  
  38  3:35  Twilight Council, Probe (Chrono Boost)  
  39  3:46  Probe (Chrono Boost)  
  39  3:51  Probe (Chrono Boost)  
  39  3:53  Adept  
  39  3:55  Adept  
  44  4:01  Probe  
  45  4:04  Shield Battery  
  45  4:13  Probe  
  35  4:25  Probe  
  36  4:34  Probe, Blink (Chrono Boost)  
  36  4:38  Probe (Chrono Boost)  
  34  4:46  Probe (Chrono Boost)  
  34  4:50  Probe (Chrono Boost)  
  36  4:57  Probe (Chrono Boost), Stalker  
  39  5:00  Probe (Chrono Boost)  
  39  5:02  Probe (Chrono Boost)  
  41  5:09  Probe  
  42  5:14  Probe  
  42  5:17  Stalker  
  45  5:21  Probe  
  45  5:26  Probe  
  47  5:29  Stalker  
  47  5:35  Probe  
  45  5:37  Probe  
  46  5:43  Stalker  
  46  5:45  Probe  
  46  5:47  Probe  
  50  5:53  Probe  
  50  5:56  Stalker  
  52  5:59  Probe  
  54  6:05  Probe  
  54  6:08  Pylon  
  56  6:11  Probe, Stalker  
  56  6:17  Probe  
  59  6:25  Probe  
  60  6:31  Nexus  
  61  6:34  Pylon  
  61  6:37  Probe  
  62  6:41  Adept x2  
  62  6:44  Pylon  
  65  6:47  Probe  
  65  6:49  Probe  
  67  7:01  Probe x2, Gateway  
  68  7:03  Gateway  
  68  7:07  Sentry, Assimilator  
  71  7:09  Stalker  
  73  7:23  Probe  
  74  7:30  Robotics Facility  
  74  7:32  Probe  
  75  7:43  Probe  
  68  7:46  Stalker x2  
  68  7:47  Probe (Chrono Boost)  
  68  7:49  Probe (Chrono Boost)  
  75  7:59  Probe (Chrono Boost)  
  75  8:01  Probe (Chrono Boost), Stalker x2  
  75  8:05  Probe (Chrono Boost)  
  80  8:06  Probe (Chrono Boost), Pylon  
  80  8:09  Pylon, Gateway, Probe (Chrono Boost)  
  80  8:12  Gateway  
  82  8:13  Stalker  
  82  8:16  Probe  
  82  8:17  Probe  
  82  8:18  Observer (Chrono Boost)  
  87  8:22  Stalker  
  87  8:23  Probe  
  90  8:28  Probe  
  90  8:29  Probe  
  90  8:34  Stalker x2  
  92  8:35  Probe  
  92  8:39  Stalker  
  92  8:40  Probe  
  98  8:49  Probe  
  98  8:52  Gateway  
  98  8:55  Robotics Bay, Assimilator  
  101  8:56  Observer  
  101  8:58  Adept x2  
  106  9:04  Assimilator  
  106  9:07  Stalker x2  
  106  9:09  Pylon  
  108  9:16  Pylon  
  108  9:37  Nexus  
  108  9:38  Forge  
  108  9:39  Probe  
  108  9:40  Stalker x3  
  108  9:42  Observer (Chrono Boost)  
  116  9:47  Pylon  
  116  9:55  Pylon  
  116  9:57  Disruptor (Chrono Boost)  
  119  10:06  Probe  
  120  10:10  Stalker x4  
  128  10:16  Probe  
  128  10:17  Robotics Facility, Probe  
  129  10:23  Stalker x2  
  129  10:26  Protoss Ground Weapons Level 1  
  131  10:31  Disruptor  
  131  10:33  Probe (Chrono Boost)  
  133  10:39  Probe x2 (Chrono Boost)  
  134  10:43  Probe (Chrono Boost), Photon Cannon  
  134  10:47  Probe (Chrono Boost)  
  135  10:56  Photon Cannon, Pylon  
  135  10:59  Probe (Chrono Boost)  
  135  11:00  Probe x2 (Chrono Boost), Photon Cannon  
  139  11:06  Disruptor x2  
  139  11:07  Probe (Chrono Boost)  
  139  11:10  Probe (Chrono Boost)  
  146  11:11  Observer  
  146  11:16  Pylon  
  146  11:17  Pylon  
  146  11:38  Stalker x6  
  146  11:39  Photon Cannon  
  157  11:42  Disruptor x2  
  155  12:05  Stalker x5  
  155  12:06  Probe (Chrono Boost)  
  155  12:07  Probe (Chrono Boost)  
  126  12:13  Probe (Chrono Boost)  
  126  12:16  Stalker  
  126  12:17  Probe (Chrono Boost), Stalker  
  126  12:20  Shield Battery, Disruptor (Chrono Boost)  
  126  12:22  Probe  
  134  12:29  Observer (Chrono Boost)  
  133  12:33  Pylon  
  133  12:35  Stalker x2  
  128  12:43  Stalker x2  
  128  12:44  Observer  
  128  12:46  Disruptor (Chrono Boost)  
  127  13:03  Disruptor (Chrono Boost)  
  127  13:08  Nexus  
  127  13:14  Twilight Council, Nexus  
  127  13:15  Pylon  
  127  13:17  Disruptor (Chrono Boost), Pylon  
  129  13:21  Zealot  
  129  13:22  Zealot x3  
  129  13:23  Zealot x3  
  143  13:32  Disruptor  
  146  13:34  Observer  
  146  13:40  Probe  
  147  13:44  Photon Cannon x2  
  145  13:48  Disruptor  
  138  14:06  Stalker x4  
  138  14:07  Disruptor  
  138  14:09  Probe, Photon Cannon  
  150  14:10  Pylon  
  148  14:22  Probe  
  146  14:29  Stalker x5  
  152  14:43  Probe x4, Protoss Ground Weapons Level 2 (Chrono Boost)  
  152  14:45  Assimilator x2  
  156  14:48  Dark Shrine  
  156  14:52  Pylon  
  155  14:54  Observer (Chrono Boost)  
  155  14:55  Probe  
  155  14:59  Shield Battery, Photon Cannon  
  157  15:02  Pylon  
  157  15:18  Nexus  
  157  15:19  Photon Cannon  
  157  15:20  Disruptor  
  160  15:32  Photon Cannon  
  160  15:34  Pylon  
  163  15:47  Zealot x2  
  163  15:48  Zealot x3  
  173  15:55  Disruptor  
  169  16:10  Dark Templar x3  
  160  16:17  Zealot x3  
  151  16:25  Disruptor (Chrono Boost)  
  147  16:30  Stalker x4  
  147  16:31  Disruptor (Chrono Boost)  
  144  16:36  Pylon x2  
  137  16:41  Probe  
  134  16:47  Photon Cannon  
  134  16:50  Photon Cannon  
  134  16:53  Dark Templar  
  134  16:54  Dark Templar  
  134  16:56  Pylon  
  134  16:59  Disruptor (Chrono Boost)  
  134  17:00  Observer (Chrono Boost), Dark Templar  
  141  17:01  Dark Templar  
  143  17:08  Shield Battery  
  143  17:09  Probe x2  
  143  17:11  Probe  
  143  17:19  Observer  
  136  17:36  Disruptor  
  139  17:44  Zealot x6  
  131  17:54  Disruptor  
  130  18:12  Observer  
  131  18:24  Photon Cannon  
  131  18:29  Disruptor  
  134  18:39  Stalker x6  
  134  18:40  Stalker  
  138  18:49  Disruptor  
  138  18:51  Observer  
  135  19:00  Probe  
  132  19:08  Stalker x5  
  132  19:23  Disruptor (Chrono Boost)  
  108  19:27  Stalker  
  113  19:33  Zealot x4  
  119  19:45  Disruptor (Chrono Boost)  
  96  20:01  Dark Templar x2  
  96  20:06  Stalker x5  
  102  20:16  Disruptor  
  97  20:40  Disruptor  
  97  21:09  Dark Templar x2  
Tags
 
Add a new tag
Caveats
  • Supply blocks, unpowered buildings, or Contaminate may cause inaccurate times.
  • Supply counts are checked every 10 seconds.